 Dungeon Crawl Stone Soup version 0.24.0-13-gcf9b3192b9 (webtiles) character file.

Game seed: 3960764963227877218, levelgen mode: classic

128 EnegeticOcto the Insei (level 5, -17/28 HPs)
             Began as a Vine Stalker Earth Elementalist on Nov 9, 2019.
             Demolished by an ogre
             ... wielding a +0 giant club
              (32 damage)
             ... on level 4 of the Dungeon.
             The game lasted 00:06:19 (899 turns).

EnegeticOcto the Insei (VSEE)                        Turns: 899, Time: 00:06:19

Health: -17/28     AC:  3    Str: 11    XL:     5   Next: 12%
Magic:  0/9        EV: 12    Int: 16    God:
Gold:   106        SH:  0    Dex: 14    Spells: 2/8 levels left

rFire    x . .     SeeInvis .     - Unarmed
rCold    + + .     Gourm    .   (no shield)
rNeg     . . .     Faith    .   c - +0 robe
rPois    .         Spirit   +   (no helmet)
rElec    .         Reflect  .   (no cloak)
rCorr    .         Harm     .   h - +0 pair of gloves
MR       .....                  (no boots)
Stlth    ++........             (no amulet)
HPRegen  0.49/turn              f - ring of ice
MPRegen  0.11/turn              g - ring of protection from cold

@: no status effects
A: fangs 2, regeneration 1, magic shield, antimagic bite, no potion heal 3, rot
immunity
a: no special abilities


You were on level 4 of the Dungeon.
You were not hungry.

You visited 1 branch of the dungeon, and saw 4 of its levels.

You collected 106 gold pieces.

Inventory:

Missiles
 a - 7 curare-tipped darts (quivered)
 b - 94 stones
 i - 18 arrows
 k - a throwing net
Armour
 c - a +0 robe (worn)
 h - a +0 pair of gloves (worn)
Jewellery
 f - a ring of ice (left hand)
 g - a ring of protection from cold (right hand)
Scrolls
 d - a scroll of remove curse {@r2}
Potions
 l - a potion of brilliance {unknown}
 m - a potion of agility {@q5}
Comestibles
 e - 3 rations


   Skills:
 + Level 2.8 Fighting
 - Level 1.5 Dodging
 - Level 2.4 Stealth
 + Level 3.1 Unarmed Combat
 - Level 2.1 Spellcasting
 - Level 1.0 Transmutations
 - Level 3.0 Earth Magic


You had 2 spell levels left.
You knew the following spells:

 Your Spells              Type           Power        Failure   Level  Hunger
a - Sandblast             Erth           ##....       6%          1    #......
b - Stone Arrow           Conj/Erth      #.....       32%         3    ###....
p - Passwall              Tmut/Erth      #.......     14%         2    ###....

Your spell library contained the following spells:

 Spells                   Type           Power        Failure   Level  Hunger
 Magic Dart               Conj           #...         21%         1    #......
 Summon Small Mammal      Summ           #...         21%         1    #......
 Blink                    Tloc           N/A          30%         2    ###....
 Call Imp                 Summ           #.......     30%         2    ###....
 Slow                     Hex            #.......     30%         2    ###....
 Call Canine Familiar     Summ           #.......     52%         3    ###....
 Conjure Flame            Conj/Fire      #.......     52%         3    ###....
 Mephitic Cloud           Conj/Pois/Air  #.......     52%         3    ###....
 Summon Guardian Golem    Hex/Summ       #.......     52%         3    ###....
 Petrify                  Tmut/Erth      #.......     65%         4    #####..
 Lee's Rapid Deconstruct  Erth           ##........   86%         5    ######.
 Summon Ice Beast         Ice/Summ       #.......     90%         4    #####..
 Summon Lightning Spire   Summ/Air       #.......     90%         4    #####..


Dungeon Overview and Level Annotations

Branches:
Dungeon (4/15)
 Temple: D:4-7

Altars:
Elyvilon
Nemelex Xobeh


Innate Abilities, Weirdness & Mutations

You have extremely sharp teeth.
Your natural rate of healing is unusually fast.
When hurt, damage is shared between your health and your magic reserves.
Your bite disrupts and absorbs the magic of your enemies.
Potions cannot restore your health.
You are immune to rotting.


Message History

The blast of sand hits the orc wizard.
The orc wizard is severely wounded.
b - 99 stones The orc wizard points at you and mumbles some strange words.
You feel yourself slow down.
Casting: Sandblast (safe; 6% risk of failure)
Confirm with . or Enter, or press ? or * to list all spells.
Aiming: Sandblast (safe; 6% risk of failure)
Press: ? - help, Shift-Dir - straight line, f/p - orc wizard
Aim: an orc wizard, wielding a +0 dagger and wearing a +0 robe (severely wounded)
The blast of sand hits the orc wizard.
The orc wizard is almost dead.
b - 98 stones The orc wizard mumbles some strange words.
The orc wizard seems to speed up.
The orc wizard gestures wildly while chanting.
The orc wizard blinks!
You completely miss the orc wizard. You bite the orc wizard.
The orc wizard's magic leaks into the air.
You drain its magic.
You feel invigorated.
The orc wizard is almost dead.
The orc wizard falters for a moment. x2
You completely miss the orc wizard.
The orc wizard is almost dead.
The orc wizard hits you with a +0 dagger. x2
You closely miss the orc wizard. You punch the orc wizard.
You kill the orc wizard!
Your Unarmed Combat skill increases to level 3!
You have reached level 5!
Casting: Sandblast (safe; 6% risk of failure)
Confirm with . or Enter, or press ? or * to list all spells.
You can't see any susceptible monsters within range! (Use Z to cast anyway.)
Casting: Sandblast (safe; 6% risk of failure)
Confirm with . or Enter, or press ? or * to list all spells.
Aiming: Sandblast (safe; 6% risk of failure)
Press: ? - help, Shift-Dir - straight line, f - orc
Aim: an orc, wielding a +0 hand axe and wearing a +0 leather armour (resting)
The blast of sand hits the orc.
The orc is heavily wounded.
b - 97 stones You hear a shout!
An orc comes into view. It is wielding a +0 short sword.
Casting: Sandblast (safe; 6% risk of failure)
Confirm with . or Enter, or press ? or * to list all spells.
Aiming: Sandblast (safe; 6% risk of failure)
Press: ? - help, Shift-Dir - straight line, f/p - orc
Aim: an orc, wielding a +0 hand axe and wearing a +0 leather armour (heavily wounded)
The blast of sand hits the orc but does no damage.
The orc is heavily wounded.
b - 96 stones You hear a shout!
An ogre comes into view. It is wielding a +0 giant club.
The orc hits you with a +0 hand axe.
You hit the orc.
The orc is severely wounded.
The orc hits you but does no damage. The orc closely misses you.
Things that are here:
a +0 dagger; a +0 robe; an orc corpse You barely miss the orc.
The orc is severely wounded.
The orc barely misses you.
You hit the orc but do no damage. Your bite misses the orc.
The orc is severely wounded.
The orc hits you with a +0 hand axe. The orc barely misses you.
You hit the orc but do no damage. Your bite misses the orc.
The orc is severely wounded.
You hear the brisk hiss of a very distant avalanche of sand.
You feel yourself speed up. The orc hits you with a +0 hand axe!
You hit the orc.
You kill the orc!
Casting: Sandblast (safe; 6% risk of failure)
Confirm with . or Enter, or press ? or * to list all spells.
Aiming: Sandblast (safe; 6% risk of failure)
Press: ? - help, Shift-Dir - straight line, f - ogre
Aim: an ogre, wielding a +0 giant club The blast of sand misses the ogre.
b - 95 stones The ogre barely misses you.
Casting: Sandblast (safe; 6% risk of failure)
Confirm with . or Enter, or press ? or * to list all spells.
Aiming: Sandblast (safe; 6% risk of failure)
Press: ? - help, Shift-Dir - straight line, f/p - ogre
Aim: an ogre, wielding a +0 giant club The blast of sand hits the ogre!
The ogre is moderately wounded.
b - 94 stones
Okay, then.
Quiver which item? (- for none, * to show all) (? for menu, Esc to quit)
Quivering
a - 8 curare-tipped darts for throwing.
Throwing (i - inventory. (/) - cycle)
a - 8 curare-tipped darts (quivered)
Press: ? - help, Shift-Dir - straight line, f/p - ogre
Aim: an ogre, wielding a +0 giant club (moderately wounded)
You throw a curare-tipped dart. The curare-tipped dart hits the ogre.
The ogre is poisoned.
The ogre convulses.
The ogre seems to slow down.
The ogre is heavily wounded.
The ogre hits you with a +0 giant club!!
Ouch! That really hurt!
You die...

# #### ######.# ### #..
..... ##.## #.# #..#
#####...###.#####.<#
#.............@Oo..#
#.#.#....##.#####..#
#.#......##........####
.#.
#.#..##..#########.....
... #.#..##..# #......#
#.# # #........#
#.#..#.###.# #.
#....#####
###.......##.# #.
#.####
######.........##.# #.
#.#
#......#.##.#..##.####.


You could see an ogre and an orc.

Vanquished Creatures
  An orc wizard (D:4)
  A worker ant (D:4)
  An adder (D:3)
  An ooze (D:1)
  A worm (D:2)
  5 leopard geckos (D:1)
  An orc (D:4)
  2 bats
  4 giant cockroaches (D:1)
  4 goblins
  8 hobgoblins
  7 jackals
  2 frilled lizards
  7 kobolds
  5 rats
50 creatures vanquished.

Notes
Turn   | Place    | Note
-------+----------+-------------------------------------------
     0 | D:1      | EnegeticOcto the Vine Stalker Earth Elementalist began the
                  | quest for the Orb.
     0 | D:1      | Reached XP level 1. HP: 9/9 MP: 4/4
    64 | D:1      | Reached skill level 1 in Unarmed Combat
    64 | D:1      | Reached XP level 2. HP: 12/14 MP: 1/6
    68 | D:1      | Reached skill level 1 in Fighting
   192 | D:1      | Reached XP level 3. HP: 5/18 MP: 2/7
   196 | D:1      | Learned a level 2 spell: Passwall
   200 | D:1      | Learned a level 3 spell: Stone Arrow
   218 | D:1      | Found a sparkling altar of Nemelex Xobeh.
   487 | D:2      | Gained mutation: Your natural rate of healing is unusually
                  | fast. [Vine Stalker growth]
   487 | D:2      | Reached XP level 4. HP: 11/23 MP: 3/8
   639 | D:4      | Found a white marble altar of Elyvilon.
   885 | D:4      | Reached XP level 5. HP: 20/28 MP: 2/9
   888 | D:4      | Noticed an ogre
   899 | D:4      | Demolished by an ogre

Levels and vault maps discovered:
D:1:      dpeg_arrival_lava_temple_mockup, layout_rooms, nemelex_altar_shiori
D:2:      minmay_recursive_quarters, layout_basic
D:3:      layout_loops_corners, first_ration
D:4:      cheibrodos_thug_alley, layout_loops_cross, elyvilon_altar_1,
          enter_ossuary_4

Skill      XL: |  1  2  3  4 |
---------------+-------------+-----
Unarmed Combat | 1 2 3 |  3.1
Fighting       | 1 2 |  2.8
Dodging        | |  1.5
Stealth        | |  2.4
Spellcasting   | |  2.1
Transmutations | |  1.0
Earth Magic    | |  3.0

Action                   |  1- 3 |  4- 6 || total
-------------------------+-------+-------++-------
Melee: Unarmed           |    33 |    49 ||    82
       Bite              |     4 |    11 ||    15
       Punch             |       |     1 ||     1
Throw: Dart              |       |     1 ||     1
 Cast: Sandblast         |    41 |    24 ||    65
       Passwall          |       |     2 ||     2
  Use: Scroll            |       |     3 ||     3
 Stab: Sleeping          |     1 |       ||     1
  Eat: Chunk             |       |     1 ||     1
Armor: Robe              |     7 |    13 ||    20
Dodge: Dodged            |    31 |    32 ||    63
